 Dungeon Crawl Stone Soup version 0.22.1-1-ga44c0e5 (webtiles) character file.

142 Stepladder the Poker (level 5, -3/42 HPs)
             Began as a Merfolk Gladiator on Sept 27, 2018.
             Killed from afar by an orc wizard (9 damage)
             ... with a magic dart
             ... on level 2 of the Dungeon.
             The game lasted 00:09:19 (2808 turns).

Stepladder the Poker (Merfolk Gladiator)            Turns: 2808, Time: 00:09:20

Health: -3/42      AC:  6    Str: 16    XL:     5   Next: 25%
Magic:  5/5        EV: 15    Int:  7    God:
Gold:   139        SH:  0    Dex: 15    Spells: 4/4 levels left

rFire    . . .     SeeInvis .   a - +1 trident
rCold    + . .     Gourm    .   (no shield)
rNeg     . . .     Faith    .   v - +0 leather armour {rC+}
rPois    .         Spirit   .   c - +0 helmet
rElec    .         Reflect  .   n - +0 cloak
rCorr    .         Harm     .   o - +0 pair of gloves
MR       .....                  (no boots)
Stlth    +.........             (no amulet)
HPRegen  0.14/turn              (no ring)
MPRegen  0.09/turn              (no ring)

@: slowed, very slow
A: change form in water, swift swim, stealthy swim
a: no special abilities


You were on level 2 of the Dungeon.
You were not hungry.

You visited 1 branch of the dungeon, and saw 4 of its levels.

You collected 139 gold pieces.

Inventory:

Hand Weapons
 a - a +1 trident (weapon)
 h - a +0 dagger
 j - a +0 hunting sling
Missiles
 d - 3 throwing nets
 e - 191 stones (quivered)
Armour
 c - a +0 helmet (worn)
 n - a +0 cloak (worn)
 o - a +0 pair of gloves (worn)
 v - a +0 leather armour of cold resistance (worn)
Scrolls
 g - a scroll of identify
 i - 3 scrolls of enchant armour {unknown}
 k - a scroll of fear {unknown}
 l - 2 scrolls of noise {unknown}
 p - 2 scrolls of remove curse
 r - a scroll of teleportation {unknown}
 w - 2 scrolls of amnesia {unknown}
Potions
 m - 2 potions of cancellation
 q - a potion of resistance
 s - a potion of flight {unknown}
 t - a potion of curing {unknown}
 u - a potion of agility {unknown}
Comestibles
 f - 3 rations


   Skills:
 + Level 3.7 Fighting
 + Level 5.9 Polearms
 - Level 2.0 Throwing
 + Level 5.5 Dodging


You had 4 spell levels left.
You didn't know any spells.
Your spell library was empty.

Dungeon Overview and Level Annotations

Branches:
Dungeon (4/15)
 Temple: D:4-7

Altars:
Kikubaaqudgha

Annotations:
D:3 Terence


Message History

You climb upwards.
There is a stone staircase leading down, spattered with blood here.
The orc wizard closely misses you.
Things that are here:
a mace; a robe; a dagger The orc priest begins to cast a cantrip, but forgets the words!
The orc wizard gestures wildly while chanting.
The orc wizard blinks!
The orc priest calls down the wrath of Beogh upon you.
Beogh smites you!
* * * LOW HITPOINT WARNING * * *
The orc wizard mumbles some strange words.
The orc wizard blinks!
The orc priest closely misses you.
The orc priest hits you but does no damage.
The orc wizard casts a spell.
The orc wizard blinks!
The orc priest begins to cast a cantrip, but forgets the words!
The orc wizard gestures at you while chanting.
The magic dart hits you!
You die...

#.##.##...........#.#
#.##.##.#...#.#.#.#.#
#.##........#.#.#.#.#
###.#####(#.#.....#.#.#
#.......#.#.#.........#
#.#.................### #####
###.#####.###.......### #...<
.......##.# ####)#### ####.###
###.##.##.# #@# #.......
#.##.##.# ##.## #....##.
#.......# #.o.# #.....#.
###.##.##.# #.o.# #.....#.
..........# #...# #..##.#.
..........#####...##### #.......
##..#(....#.).........####..##.##
##...............)).....<...##...
##..##.#.##......[>...####.######


You could see an orc priest and an orc wizard.

Vanquished Creatures
  An orc wizard (D:2)
  4 adders (D:2)
  4 dart slugs
  A leopard gecko (D:3)
  5 orcs (D:2)
  A ball python (D:2)
  6 bats
  4 giant cockroaches
  9 goblins
  5 hobgoblins
  4 jackals (D:1)
  6 kobolds
  A quokka (D:3)
  5 frilled lizards
  9 rats
65 creatures vanquished.

Notes
Turn   | Place    | Note
-------+----------+-------------------------------------------
     0 | D:1      | Stepladder the Merfolk Gladiator began the quest for the
                  | Orb.
     0 | D:1      | Reached XP level 1. HP: 16/16 MP: 1/1
   116 | D:1      | Reached XP level 2. HP: 10/23 MP: 2/2
   658 | D:1      | Reached XP level 3. HP: 19/28 MP: 3/3
   992 | D:2      | Reached skill level 5 in Polearms
  1311 | D:2      | Reached XP level 4. HP: 35/35 MP: 4/4
  1363 | D:2      | Reached skill level 5 in Dodging
  1364 | D:2      | Found an ancient bone altar of Kikubaaqudgha.
  2227 | D:3      | Noticed Terence
  2386 | D:2      | Reached XP level 5. HP: 25/41 MP: 5/5
  2808 | D:2      | Killed from afar by an orc wizard

Skill      XL: |  1  2  3  4 |
---------------+-------------+-----
Fighting       | 3 |  3.7
Polearms       | 5 |  5.9
Dodging        | 5 |  5.5
Throwing       | |  2.0

Action                   |  1- 3 |  4- 6 || total
-------------------------+-------+-------++-------
Melee: Trident           |   101 |   112 ||   213
Throw: Stone             |     8 |    24 ||    32
  Use: Scroll            |     2 |     3 ||     5
 Stab: Sleeping          |     1 |       ||     1
  Eat: Chunk             |     1 |     5 ||     6
Armor: Leather armour    |    27 |    43 ||    70
Dodge: Dodged            |    76 |    94 ||   170
